 Dungeon Crawl Stone Soup version 0.29.0-4-gdea44cf6ec (webtiles) character file.

Game seed: 7951606462145740901

130 qw the Chopper (level 5, -1/30 HPs)
             Began as a Tengu Warper on Aug 28, 2022.
             Slain by an orc wizard
             ... wielding a +0 dagger
              (3 damage)
             ... on level 3 of the Dungeon.
             The game lasted 00:00:16 (2543 turns).

qw the Chopper (Tengu Warper)                       Turns: 2543, Time: 00:00:17

Health: -1/30      AC:  9    Str: 14    XL:     5   Next: 13%
Magic:  9/9        EV:  7    Int: 13    God:
Gold:   1071       SH:  0    Dex: 13    Spells: 8/8 levels left

rFire   . . .      SeeInvis .   Y - +0 hand axe
rCold   . . .      Faith    .   (no shield)
rNeg    . . .      Spirit   .   l - +0 chain mail
rPois   .          Reflect  .   (helmet restricted)
rElec   .          Harm     .   (no cloak)
rCorr   .          Rampage  .   i - +0 pair of gloves
Will    .....                   (boots unavailable)
Stlth   ..........              (no amulet)
HPRegen 0.10/turn               (no ring)
MPRegen 0.11/turn               (no ring)

@: confused, flying quickly and evasively, quick
A: beak, talons 3, nimble flight
a: no special abilities


You were on level 3 of the Dungeon.
You visited 1 branch of the dungeon, and saw 3 of its levels.

You collected 1071 gold pieces.


Innate Abilities, Weirdness & Mutations

You have a beak for a mouth.
You have claws for feet.
Your magical nature lets you fly swiftly and evasively.


   Skills:
 - Level 2.0 Fighting
 + Level 5.3 Axes
 - Level 1.0 Throwing
 - Level 2.1 Armour
 - Level 2.1 Dodging
 - Level 2.0 Spellcasting
 - Level 2.4 Translocations


You had 8 spell levels left.
You didn't know any spells.
Your spell library contained the following spells:

 Spells                   Type           Power      Damage    Failure   Level
 Blink                    Tloc           14%        N/A       98%         2
 Gell's Gravitas          Tloc           7%         N/A       100%        3
 Lesser Beckoning         Tloc           7%         N/A       100%        3
 Teleport Other           Tloc           7%         N/A       100%        3
 Manifold Assault         Tloc           7%         N/A       100%        5

Inventory:

Hand Weapons
 c - a +0 whip
 Y - a +0 hand axe (weapon)
Armour
 d - a +0 plate armour
 i - a +0 pair of gloves (worn)
 l - a +0 chain mail (worn)
Scrolls
 b - a scroll of identify
Potions
 a - a potion of heal wounds {unknown}
 e - a potion of brilliance {unknown}
 f - a potion of resistance {unknown}
 h - a potion of berserk rage {unknown}
 j - a potion of degeneration {unknown}
 m - a potion of flight {unknown}

Dungeon Overview and Level Annotations

Branches:
Dungeon (3/15)

Altars:


Message History

You kill the ball python!
You hear some strange, mumbled words.
A puff of flame appears from out of thin air!
The puff of flame hits you!
You hit the orc. Your kick misses the orc.
The orc is lightly wounded.
You hit the orc. Your kick misses the orc.
The orc is heavily wounded.
The orc hits you from afar with a +0 trident.
The orc hits you with a +0 club.
You hit the orc. You claw the orc.
You kill the orc!
You hit something but do no damage. The orc hits you but does no damage.
You hear some strange, mumbled words.
You are confused.
Something hits you. The orc hits you but does no damage.
Something hits you but does no damage.
Enter note:
Enter note: You barely miss something.
Your peck misses something. You miss the orc. You barely miss something.
Something hits you but does no damage. The orc hits you with a +0 trident.
Something hits you but does no damage.
You bump into the rock wall.
Something hits you but does no damage. The orc barely misses you.
You hear some strange, mumbled words.
A magic dart appears from out of thin air!
The magic dart hits you.
The orc hits you from afar with a +0 trident.
Something hits you but does no damage.
You completely miss something. Your peck misses something.
You closely miss something. Something hits you but does no damage.
The orc closely misses you. Something hits you.
You're too confused to move!
Something hits you but does no damage.
The orc hits you from afar with a +0 trident.
Something hits you.
You die...

#. .#..
#.......##.
....
..########.
.#.# ## #. .
... #. ... ..
#. #<.##o #.
##....o### #.
........{#####
#.
....####@....#
## # #####.##
# #..########
# ##........##
#
########..###
##.... ##...
##.. #..


You could see 2 orcs.

Vanquished Creatures
  4 adders
  A worm (D:3)
  7 dart slugs
  An orc (D:3)
  6 bats
  5 endoplasms
  6 giant cockroaches
  6 goblins
  10 hobgoblins
  3 jackals (D:3)
  2 quokkas (D:1)
  8 ball pythons
  2 frilled lizards (D:1)
  5 kobolds
  3 rats
69 creatures vanquished.

Notes
Turn   | Place    | Note
-------+----------+-------------------------------------------
     0 | D:1      | qw the Tengu Warper began the quest for the Orb.
     0 | D:1      | Reached XP level 1. HP: 12/12 MP: 4/4
     0 | D:1      | 0 ||| qw: Version: 0.1-a-89-g26bdef1
     0 | D:1      | 0 ||| qw: Game counter: 2665
     0 | D:1      | 0 ||| qw: Always use a shield: true
     0 | D:1      | 0 ||| qw: God list: Okawaru
     0 | D:1      | 0 ||| qw: Allow faded altars: false
     0 | D:1      | 0 ||| qw: Do Orc after D:15 true
     0 | D:1      | 0 ||| qw: Do second Lair branch before Depths: true
     0 | D:1      | 0 ||| qw: Lair rune preference: random
     0 | D:1      | 0 ||| qw: Plans: Normal
     0 | D:1      | 0 ||| PLANNING D:1-11
    35 | D:1      | 35 ||| Stepping ~*~*~tactically~*~*~ (stealth).
    37 | D:1      | 37 ||| Stepping ~*~*~tactically~*~*~ (stealth).
    93 | D:1      | Reached skill level 3 in Axes
    93 | D:1      | Reached XP level 2. HP: 17/17 MP: 6/6
   223 | D:1      | 223 ||| Stepping ~*~*~tactically~*~*~ (hiding).
   225 | D:1      | 225 ||| Stepping ~*~*~tactically~*~*~ (hiding).
   405 | D:1      | 405 ||| Stepping ~*~*~tactically~*~*~ (stealth).
   414 | D:1      | 414 ||| Stepping ~*~*~tactically~*~*~ (stealth).
   415 | D:1      | 415 ||| Stepping ~*~*~tactically~*~*~ (stealth).
   416 | D:1      | 416 ||| Stepping ~*~*~tactically~*~*~ (stealth).
   417 | D:1      | 417 ||| Stepping ~*~*~tactically~*~*~ (stealth).
   419 | D:1      | 419 ||| Stepping ~*~*~tactically~*~*~ (stealth).
   432 | D:1      | 432 ||| Stepping ~*~*~tactically~*~*~ (stealth).
   435 | D:1      | 435 ||| Stepping ~*~*~tactically~*~*~ (stealth).
   436 | D:1      | 436 ||| Stepping ~*~*~tactically~*~*~ (stealth).
   437 | D:1      | 437 ||| Stepping ~*~*~tactically~*~*~ (stealth).
   448 | D:1      | 448 ||| Stepping ~*~*~tactically~*~*~ (stealth).
   462 | D:1      | Reached XP level 3. HP: 12/21 MP: 7/7
   765 | D:1      | Reached skill level 4 in Axes
   780 | D:1      | Found a faded altar of an unknown god.
   931 | D:1      | 931 ||| UPGRADING to +0 scale mail.
   941 | D:1      | 941 ||| DROPPING +0 leather armour.
   942 | D:1      | 942 ||| UPGRADING to +0 pair of gloves.
   947 | D:1      | 947 ||| READING scroll labelled URE WUIVIYPO.
   948 | D:1      | 948 ||| DROPPING scroll of blinking.
   967 | D:2      | 967 ||| STAIRDANCE
  1218 | D:2      | Reached XP level 4. HP: 25/26 MP: 8/8
  1221 | D:2      | 1221 ||| Stepping ~*~*~tactically~*~*~ (stealth).
  1402 | D:2      | 1402 ||| Stepping ~*~*~tactically~*~*~ (stealth).
  1569 | D:2      | 1569 ||| Stepping ~*~*~tactically~*~*~ (hiding).
  1578 | D:2      | Reached skill level 5 in Axes
  2066 | D:2      | 2066 ||| UPGRADING to +0 chain mail.
  2076 | D:2      | 2076 ||| DROPPING +0 scale mail.
  2077 | D:2      | 2077 ||| READING 2 scrolls labelled LILIWU TORA.
  2078 | D:2      | 2078 ||| READING scroll labelled ROUWIWNINYM.
  2079 | D:2      | 2079 ||| READING scroll labelled WIMNOTERUOSK.
  2079 | D:2      | Identified a scroll of acquirement
  2079 | D:2      | 2079 ||| ACQUIRING 810 gold pieces
  2079 | D:2      | Acquired 810 gold pieces
  2129 | D:3      | 2129 ||| Stepping ~*~*~tactically~*~*~ (stealth).
  2154 | D:3      | 2154 ||| FLEEEEING.
  2155 | D:3      | 2155 ||| STAIRDANCE
  2292 | D:3      | 2292 ||| STAIRDANCE
  2391 | D:3      | 2391 ||| STAIRDANCE
  2396 | D:2      | Gained mutation: Your magical nature lets you fly swiftly
                  | and evasively. [Tengu growth]
  2396 | D:2      | Reached XP level 5. HP: 28/30 MP: 9/9
  2424 | D:3      | 2424 ||| DROPPING +0 club.
  2540 | D:3      | HP: 7/30 [something/magic dart (1)]
  2542 | D:3      | HP: 3/30 [something (2)]
  2543 | D:3      | Slain by an orc wizard

Levels and vault maps discovered:
D:1:      mainiacjoe_arrival_reflecting_pool, layout_rooms,
          shapermc_ecumenical_altar_mp_vishouse, serial_park_tiny_2
D:2:      minmay_door_path, layout_loops_ring, grunt_ministairs_10,
          kennysheep_pointless_box
D:3:      layout_rooms

Skill      XL: |  1  2  3  4 |
---------------+-------------+-----
Axes           | 3 4 5 |  5.3
Armour         | 2 |  2.1
Fighting       | |  2.0
Throwing       | |  1.0
Dodging        | |  2.1
Spellcasting   | |  2.0
Translocations | |  2.4

Action                   |  1- 3 |  4- 6 || total
-------------------------+-------+-------++-------
Melee: Hand axe          |    76 |    86 ||   162
       Kick              |    19 |    17 ||    36
       Peck              |    11 |    18 ||    29
Throw: Boomerang         |     7 |       ||     7
  Use: Scroll            |     1 |     3 ||     4
Armor: Leather armour    |    10 |       ||    10
       Scale mail        |    10 |    17 ||    27
       Chain mail        |       |    38 ||    38
Dodge: Dodged            |    37 |    36 ||    73

Table legend:
 A = Non-vault XP
 B = Vault XP
 C = Vault XP percentage of total XP
 D = Non-vault monster count
 E = Vault monster count
 F = Vault count percentage of total count
                 A         B        C        D         E       F
            +---------+---------+-------+---------+---------+-------
      Total |     180 |       6 |   3.2 |      65 |       4 |   5.8
            +---------+---------+-------+---------+---------+-------
        D:1 |      47 |       0 |   0.0 |      24 |       0 |   0.0
        D:2 |      89 |       6 |   6.3 |      25 |       4 |  13.8
        D:3 |      44 |       0 |   0.0 |      16 |       0 |   0.0
            +---------+---------+-------+---------+---------+-------
